 Dungeon Crawl Stone Soup version 0.31.0-1-g2c135a008e (webtiles) character file.

Game seed: 5307140218713747750

111 qw the Shooter (level 5, 0/40 HPs)
             Began as a Djinni Hunter on Jan 24, 2024.
             Slain by an orc wizard
             ... wielding a +0 dagger
              (3 damage)
             ... on level 4 of the Dungeon.
             The game lasted 00:00:07 (2213 turns).

qw the Shooter (Djinni Hunter)                      Turns: 2213, Time: 00:00:08

Health: 0/40       AC:  5    Str: 10    XL:     5   Next: 15%
Gold:   137        EV: 11    Int: 10    God:
                   SH:  0    Dex: 19

rFire   + + .        a - +0 shortbow
rCold   x . .        (shield currently unavailable)
rNeg    . . .        b - +0 ring mail
rPois   inf          (no helmet)
rElec   .            (no cloak)
rCorr   .            (no gloves)
SInv    .            (boots unavailable)
Will    +....        (no amulet)
Stlth   +            c - ring of willpower
HPRegen 0.26/turn    (no ring)
MPRegen 0.00/turn

%: infuse magic (-1 HP)
@: flying
A: sickness immunity, fire resistance 2, cold vulnerability 1, float, innate
caster, HP casting, extra vitality 1
a: no special abilities


You were on level 4 of the Dungeon.
You visited 1 branch of the dungeon, and saw 4 of its levels.

You collected 137 gold pieces.


Innate Abilities, Weirdness & Mutations

You are immune to sickness and miasma.
You are immune to poison.
Your flesh is very heat resistant. (rF++)
You are vulnerable to cold. (rC-)
You float through the air rather than walking.
You learn spells naturally, not from books.
Your magical power is your life essence.
You have superior vitality. (+4 MHP)


   Skills:
 - Level 3.0 Fighting
 + Level 4.4 Ranged Weapons
 - Level 1.3 Armour
 - Level 2.1 Dodging
 - Level 0.7 Stealth


You knew the following spells:

 Your Spells              Type           Power      Damage    Failure   Level
a - Foxfire               Conj/Fire      0%         2x1d4     67%         1
b - Scorch                Fire           0%         2d5       82%         2
Your spell library was empty.

Inventory:

Hand Weapons
 a - a +0 shortbow (weapon)
Armour
 b - a +0 ring mail (worn)
Jewellery
 c - a ring of willpower (left hand)
Scrolls
 e - a scroll of identify
Potions
 d - 2 potions of haste
 f - a potion of mutation {unknown}
 g - a potion of curing {unknown}
 h - a potion of degeneration {unknown}

Dungeon Overview and Level Annotations

Branches:
Dungeon (4/15)
 Temple: D:4-7

Altars:
Yredelemnul


Message History

The orc barely misses you.
You shoot an arrow. The orc wizard shouts!
The orc shouts!
The arrow hits the orc.
The orc is moderately wounded.
The orc hits you but does no damage.
An orc priest comes into view. It is wielding a +0 club.
You shoot an arrow. The orc priest shouts!
The arrow hits the orc!
You kill the orc!
The orc wizard gestures at you while chanting.
The puff of flame hits you. You resist.
The orc wizard points at you and mumbles some strange words.
The magic dart hits you.
You shoot an arrow. The arrow hits the orc wizard!
The orc wizard is heavily wounded.
You shoot an arrow. The arrow hits the orc wizard.
The orc wizard is heavily wounded.
The orc wizard casts a spell.
The orc wizard flickers and vanishes!
Deactivating autopickup; reactivate with Ctrl-A.
An orc wizard comes into view. It is wielding a +1 dagger of venom.
The orc wizard shouts!
You shoot an arrow.
The arrow closely misses the orc wizard.
You hear an angry hiss.
A ball python comes into view.
You shoot an arrow. The arrow hits the orc wizard.
The orc wizard is moderately wounded.
You hear some strange, mumbled words.
Something tries to affect you, but you resist.
You shoot an arrow. The arrow hits the orc priest!
The orc priest is heavily wounded.
The orc hits you but does no damage.
You shoot an arrow. The arrow barely misses the orc priest.
The orc barely misses you.
The orc wizard hits you but does no damage.
Something hits you.
You die...

#.#%...###
#.#......##
#.#....#..#
#.#....##.####
#.##.####....##
#.# ####..# #.#
#.....##.. #.#
#.o.S...... #.
#@).o..####
#.....)oo.......
......#.....####
.....$#.......>
#.... .........
##..$#.%..).####
#.. ##.....# #..
......#


You could see an orc priest, 2 orc wizards, an orc and a ball python.

Vanquished Creatures
  4 adders
  2 dart slugs
  A ribbon worm (D:2)
  9 orcs
  2 endoplasms
  2 giant cockroaches
  4 goblins
  2 hobgoblins
  4 jackals (D:3)
  5 quokkas
  4 ball pythons
  4 bats
  4 frilled lizards
  7 kobolds
  6 rats
60 creatures vanquished.

Notes
Turn   | Place    | Note
-------+----------+-------------------------------------------
     0 | D:1      | qw the Djinni Hunter began the quest for the Orb.
     0 | D:1      | Reached XP level 1. HP: 18/18 MP: 0/0
     0 | D:1      | 0 ||| qw: Version: 0.3-a-136-gdd3b4e8
     0 | D:1      | 0 ||| qw: Game counter: 1200
     0 | D:1      | 0 ||| qw: Melee chars always use a shield: true
     0 | D:1      | 0 ||| qw: God list: Okawaru
     0 | D:1      | 0 ||| qw: Allow faded altars: false
     0 | D:1      | 0 ||| qw: Do Orc after clearing Dungeon:15 true
     0 | D:1      | 0 ||| qw: Do second Lair branch before Depths: true
     0 | D:1      | 0 ||| qw: Lair rune preference: random
     0 | D:1      | 0 ||| qw: Goals: Normal
     0 | D:1      | 0 ||| PLANNING D:1-11
   391 | D:1      | Reached XP level 2. HP: 23/23 MP: 0/0
   709 | D:1      | 709 ||| READING scroll labelled BUJ VENELONE.
   714 | D:1      | 714 ||| DROPPING scroll of butterflies.
   757 | D:2      | Found a basalt altar of Yredelemnul.
   910 | D:2      | Reached skill level 4 in Ranged Weapons
   910 | D:2      | Reached XP level 3. HP: 14/28 MP: 0/0
   910 | D:2      | Learned a level 1 spell: Foxfire
  1155 | D:2      | Found a faded altar of an unknown god.
  1578 | D:2      | 1578 ||| UPGRADING to +0 ring mail.
  1588 | D:2      | 1588 ||| DROPPING +0 leather armour.
  1589 | D:2      | 1589 ||| READING scroll labelled VUETTO NEM.
  1589 | D:2      | 1589 ||| IDENTIFYING clear potion
  1590 | D:2      | 1590 ||| READING scroll labelled OSMUMNECZA.
  1691 | D:2      | 1691 ||| READING scroll labelled RYHI JIOMIMP.
  1692 | D:2      | 1692 ||| DRINKING 3 cyan potions.
  1693 | D:2      | 1693 ||| DROPPING potion of invisibility.
  1744 | D:3      | Reached XP level 4. HP: 33/34 MP: 0/0
  1854 | D:3      | Reached skill level 1 in Armour
  1937 | D:3      | Reached skill level 3 in Fighting
  2112 | D:3      | 2112 ||| UPGRADING to ring of willpower.
  2113 | D:3      | 2113 ||| READING scroll labelled REWKOF FURHOMP.
  2113 | D:3      | 2113 ||| ENCHANTING +0 shortbow.
  2114 | D:3      | 2114 ||| DRINKING 2 sedimented amethyst potions.
  2136 | D:4      | 2136 ||| STAIRDANCE
  2187 | D:4      | Reached XP level 5. HP: 32/40 MP: 0/0
  2187 | D:4      | Learned a level 2 spell: Scorch
  2194 | D:4      | HP: 9/40 [orc/+0 short sword (2)]
  2194 | D:4      | HP: 4/40 [orc/+0 short sword (1)]
  2195 | D:4      | 2195 ||| DRINKING potion of heal wounds.
  2204 | D:4      | HP: 10/40 [orc/+0 falchion (4)]
  2207 | D:4      | HP: 1/40 [orc wizard/magic dart (4)]
  2213 | D:4      | Slain by an orc wizard

Levels and vault maps discovered:
D:1:      minmay_arrival_shattered_statue, layout_loops_ring,
          dreamdust_mushroom_princess, amcnicky_mini_rare_corridor_liquid,
          chequers_serial_rivers_room_a, serial_bayou_ford_a
D:2:      layout_basic, basic_altar,
          dreamdust_ecumenical_altar_hidden_monk_grotto
D:3:      layout_basic, serial_glass, glass_columns_c, glass_columns_a
D:4:      layout_rooms

Skill      XL: |  1  2  3  4 |
---------------+-------------+-----
Ranged Weapons | 4 |  4.4
Armour         | 1 |  1.3
Fighting       | 3 |  3.0
Dodging        | |  2.1
Stealth        | |  0.7

Action                     |  1- 3 |  4- 6 || total
---------------------------+-------+-------++-------
   Fire: Shortbow          |    88 |   103 ||   191
    Use: Scroll            |     4 |     1 ||     5
         Potion            |     1 |     2 ||     3
 Armour: Leather armour    |    29 |       ||    29
         Ring mail         |     1 |    66 ||    67
  Dodge: Dodged            |    18 |    58 ||    76

Table legend:
 A = Non-vault XP
 B = Vault XP
 C = Vault XP percentage of total XP
 D = Non-vault monster count
 E = Vault monster count
 F = Vault count percentage of total count
                 A         B        C        D         E       F
            +---------+---------+-------+---------+---------+-------
      Total |     159 |       0 |   0.0 |      60 |       0 |   0.0
            +---------+---------+-------+---------+---------+-------
        D:1 |      12 |       0 |   0.0 |       9 |       0 |   0.0
        D:2 |      51 |       0 |   0.0 |      18 |       0 |   0.0
        D:3 |      63 |       0 |   0.0 |      21 |       0 |   0.0
        D:4 |      33 |       0 |   0.0 |      12 |       0 |   0.0
            +---------+---------+-------+---------+---------+-------
